[Event "Titled Tuesday Blitz October 11 Early 2022"]
[White "Kuchava, Ana"]
[Black "Rose, Felix"]
[WhiteFideId "13605348"]
[BlackFideId "5105722"]
[WhiteElo "2001"]
[BlackElo "2039"]
[Result "1/2-1/2"]
[Round "08"]
[TimeControl "180+1"]
[Date "2022.10.12"]
[WhiteClock "0:00:11"]
[BlackClock "0:00:32"]

1. d4 d5 2. Nf3 Nf6 3. c4 e6 4. Nc3 Be7 5. Bf4 O-O 6. e3 b6 7. cxd5 Nxd5 8. Nxd5 Qxd5 9. Bxc7 Bb4+ 10. Nd2 Nc6 11. a3 Bxd2+ 12. Qxd2 Bb7 13. f3 Rac8 14. Bg3 Rfd8 15. Rc1 e5 16. Bc4 Qd7 17. d5 Na5 18. Ba2 Rxc1+ 19. Qxc1 Bxd5 20. Bxd5 Qxd5 21. O-O f6 22. Qc7 Rd7 23. Qc8+ Kf7 24. e4 Qc6 25. Qxc6 Nxc6 26. Bf2 Nd4 27. Bxd4 Rxd4 28. Rc1 Ke6 29. Rc2 Kd7 30. Kf2 h5 31. Ke3 h4 32. g3 hxg3 33. hxg3 g5 34. f4 gxf4+ 35. gxf4 Rd1 36. fxe5 fxe5 37. Rh2 Rb1 38. Kd3 Kc6 39. Rh6+ Kd7 40. Rh7+ Kd6 41. Kc2 Re1 42. Rxa7 Rxe4 43. Rb7 Kc6 44. Re7 Kd6 45. Re8 Rh4 46. Kc3 Rh3+ 47. Kc4 Rh2 48. b4 Ra2 49. Rd8+ Kc7 50. Re8 Rxa3 51. Rxe5 Ra1 52. Rh5 Kb7 53. b5 Ra4+ 54. Kb3 Rg4 55. Kc3 Kc7 56. Kb3 Kb7 57. Kc3 Kc7 58. Kb3 Kb7 1/2-1/2


[Site "https://www.chess.com"]

[Event "Titled Tuesday Blitz October 11 Early 2022"]
[White "Lauridsen, Jesper Morch"]
[Black "Omariev, Maksim"]
[WhiteFideId "1401890"]
[BlackFideId "4193423"]
[WhiteElo "2183"]
[BlackElo "2431"]
[Result "1/2-1/2"]
[Round "08"]
[TimeControl "180+1"]
[Date "2022.10.12"]
[WhiteClock "0:00:15"]
[BlackClock "0:00:13"]

1. e4 c5 2. Nf3 d6 3. d4 cxd4 4. Nxd4 Nf6 5. Nc3 a6 6. Bc4 e6 7. Bb3 Nbd7 8. Bg5 Nc5 9. Qe2 Be7 10. O-O-O Nxb3+ 11. cxb3 Bd7 12. f4 O-O 13. e5 Ne8 14. Bxe7 Qxe7 15. exd6 Nxd6 16. Kb1 Rfd8 17. Nd5 Qf8 18. Nb6 Rab8 19. Nxd7 Rxd7 20. Nxe6 Qe8 21. Nd4 Re7 22. Qg4 g6 23. h4 f5 24. Qf3 h5 25. Qd5+ Nf7 26. Nf3 Rd8 27. Qc4 b5 28. Rxd8 Qxd8 29. Qc2 Rc7 30. Qe2 Nd6 31. Rd1 Qf8 32. Qe6+ Nf7 33. Qxg6+ Kh8 34. Qxh5+ Kg7 35. Ng5 Qc5 36. Ne6+ Kf6 37. Nxc5 Rxc5 38. Qf3 Rc7 39. Qe2 Re7 40. Qd2 Re6 41. Qd4+ Kg6 42. a3 Nh6 43. h5+ Kxh5 44. Qg7 Rg6 45. Rh1+ Kg4 46. Qxg6+ Kxf4 47. Qxh6+ Ke4 48. Qg6 Kf4 49. Rh4+ Ke3 50. Qxa6 f4 51. Qxb5 f3 52. Rf4 Kf2 53. gxf3 Kg2 54. Rf6 Kg1 55. Rc6 Kf2 56. Qd5 Ke3 57. f4 Ke2 58. f5 Kf2 59. f6 Ke3 60. f7 Kf2 61. Re6 Kg3 62. Qf5 Kh2 63. Rf6 Kg3 64. Rg6+ Kh4 65. Qe6 Kh5 66. Qf6 1/2-1/2


[Site "https://www.chess.com"]

[Event "Titled Tuesday Blitz October 11 Early 2022"]
[White "Lazavik, Denis"]
[Black "Nakamura, Hikaru"]
[WhiteFideId "13515110"]
[BlackFideId "2016192"]
[WhiteElo "2437"]
[BlackElo "2909"]
[Result "0-1"]
[Round "08"]
[TimeControl "180+1"]
[Date "2022.10.11"]
[WhiteClock "0:00:04"]
[BlackClock "0:00:08"]

1. d4 f5 2. Nf3 Nf6 3. g3 g6 4. Bg2 Bg7 5. O-O O-O 6. b3 d6 7. Bb2 c6 8. c4 Qa5 9. Nbd2 Ne4 10. Qc2 Nxd2 11. Nxd2 e5 12. c5 d5 13. dxe5 Nd7 14. Rac1 Nxe5 15. a3 Re8 16. b4 Qc7 17. e3 Be6 18. Bd4 a5 19. Qc3 axb4 20. axb4 Ra2 21. Ra1 Rxa1 22. Rxa1 g5 23. b5 cxb5 24. Rb1 f4 25. Rxb5 fxe3 26. Qxe3 h6 27. Qb3 Nc6 28. Bxg7 Qxg7 29. Rxb7 Qa1+ 30. Bf1 Qd4 31. Qc2 Bf7 32. Nf3 Qf6 33. Rb6 Re6 34. Qd3 g4 35. Nh4 Re1 36. Qd2 Re6 37. Be2 h5 38. Ng2 Qa1+ 39. Bf1 Nd4 40. Qg5+ Kh7 41. Nh4 Rxb6 42. cxb6 Qb1 43. Qf4 Ne2+ 44. Kg2 Nxf4+ 45. gxf4 Qxb6 0-1


[Site "https://www.chess.com"]

[Event "Titled Tuesday Blitz October 11 Early 2022"]
[White "Leiva, Gianmarco"]
[Black "Vachylia, Andrii"]
[WhiteFideId "3804399"]
[BlackFideId "14137224"]
[WhiteElo "2285"]
[BlackElo "2318"]
[Result "0-1"]
[Round "08"]
[TimeControl "180+1"]
[Date "2022.10.11"]
[WhiteClock "0:00:01"]
[BlackClock "0:00:06"]

1. e4 c5 2. Nf3 d6 3. d4 cxd4 4. Nxd4 Nf6 5. Nc3 a6 6. h4 e5 7. Nb3 Be7 8. Bg5 Be6 9. Bxf6 Bxf6 10. Nd5 O-O 11. g4 Bxh4 12. Qf3 Bg5 13. Bd3 Nd7 14. a4 h6 15. a5 Rc8 16. Kf1 Re8 17. Ra4 Bxd5 18. exd5 Nf6 19. Kg2 Qd7 20. Rb4 Re7 21. Bf5 Qd8 22. Bxc8 Qxc8 23. c4 Nxg4 24. c5 Nf6 25. c6 bxc6 26. dxc6 e4 27. Qh3 Qxc6 28. Rb8+ Kh7 29. Qf5+ g6 30. Qc8 Qxc8 31. Rxc8 Rb7 32. Nd4 Rxb2 33. Rd1 e3 34. Rc2 Rxc2 35. Nxc2 exf2 36. Kxf2 d5 37. Nb4 Ne4+ 38. Kf3 Nd2+ 39. Ke2 Ne4 40. Kf3 Bd2 41. Nxd5 f5 42. Nf6+ Kg7 43. Nxe4 fxe4+ 44. Kxe4 Bxa5 45. Rd7+ Kf6 46. Rd6+ Kf7 47. Rxa6 Bd8 48. Ke5 Be7 49. Ra7 h5 50. Rb7 h4 51. Kf4 Ke6 52. Kg4 Kf7 53. Rb3 Kg7 54. Rf3 Bf6 55. Rb3 Be7 56. Rb7 Kf7 57. Rb1 Ke6 58. Rf1 Bf6 59. Kf4 Kf7 60. Rh1 Be7 61. Ke5 Bf6+ 62. Kd5 Kg7 63. Rg1 Kh6 64. Ke6 Bd8 65. Rd1 Bb6 66. Rh1 Kh5 67. Ke5 Bc7+ 68. Ke4 g5 69. Rc1 Bf4 70. Rc8 Kg4 71. Rh8 h3 72. Kd3 Kg3 73. Ke2 Kg2 74. Ke1 h2 0-1


[Site "https://www.chess.com"]

[Event "Titled Tuesday Blitz October 11 Early 2022"]
[White "Liyanage, Ranindu Dilshan"]
[Black "Zemlyanskii, Ivan"]
[WhiteFideId "9915834"]
[BlackFideId "24249971"]
[WhiteElo "2210"]
[BlackElo "2107"]
[Result "1-0"]
[Round "08"]
[TimeControl "180+1"]
[Date "2022.10.11"]
[WhiteClock "0:00:07"]
[BlackClock "0:00:01"]

1. e4 c5 2. Nc3 e6 3. g3 Nc6 4. Bg2 Nf6 5. Nge2 d5 6. exd5 exd5 7. d4 cxd4 8. Nxd4 Bg4 9. Nde2 Bb4 10. O-O Bxc3 11. bxc3 O-O 12. Rb1 Re8 13. f3 Bc8 14. Bg5 h6 15. Bxf6 Qxf6 16. Re1 Rb8 17. Qxd5 Be6 18. Qc5 Bxa2 19. Ra1 Re5 20. Qf2 Bc4 21. Nd4 Rxe1+ 22. Rxe1 a5 23. f4 Nxd4 24. cxd4 a4 25. Qe3 b5 26. d5 Qd6 27. Qe5 Qb6+ 28. Kh1 a3 29. d6 Rd8 30. d7 Be6 31. f5 Bxd7 32. Rd1 Re8 33. Qa1 Bc6 34. Qxa3 Bxg2+ 35. Kxg2 Re2+ 36. Kh3 Qf2 37. Rd8+ Kh7 38. Qd3 Qxh2+ 39. Kg4 h5+ 40. Kf4 Qf2+ 41. Qf3 Qh2 42. Qa8 Rf2+ 43. Ke4 Qg2+ 44. Kd4 Qxa8 45. Rxa8 1-0


[Site "https://www.chess.com"]

[Event "Titled Tuesday Blitz October 11 Early 2022"]
[White "Luxama, Jacques Muller"]
[Black "Fernandez Siles, Luis"]
[WhiteFideId "11900113"]
[BlackFideId "2209420"]
[WhiteElo "1931"]
[BlackElo "2186"]
[Result "1-0"]
[Round "08"]
[TimeControl "180+1"]
[Date "2022.10.12"]
[WhiteClock "0:01:35"]
[BlackClock "0:00:02"]

1. e4 c5 2. Nf3 Nc6 3. d4 cxd4 4. Nxd4 Nf6 5. Nc3 e5 6. Ndb5 d6 7. Nd5 Nxd5 8. exd5 Nb8 9. a4 Be7 10. Be2 O-O 11. O-O a6 12. Na3 f5 13. f4 exf4 14. Bxf4 g5 15. Be3 Nd7 16. Nc4 f4 17. Bd4 Nf6 18. Nb6 Rb8 19. c4 Bf5 20. Bd3 Bg4 21. Qc2 Qe8 22. Rae1 Qf7 23. h3 Bd8 24. hxg4 Nxg4 25. Qe2 Ne5 26. c5 f3 27. Qe4 Qh5 28. Bxe5 dxe5 29. Rxf3 1-0


[Site "https://www.chess.com"]

[Event "Titled Tuesday Blitz October 11 Early 2022"]
[White "Machidon, Cristi"]
[Black "Azarov, Sergei"]
[WhiteFideId "13904590"]
[BlackFideId "13501470"]
[WhiteElo "2312"]
[BlackElo "2494"]
[Result "1-0"]
[Round "08"]
[TimeControl "180+1"]
[Date "2022.10.11"]
[WhiteClock "0:00:25"]
[BlackClock "0:00:02"]

1. d4 Nf6 2. c4 e6 3. Nc3 Bb4 4. Bd2 c5 5. a3 Bxc3 6. Bxc3 Ne4 7. Rc1 O-O 8. dxc5 Nxc3 9. Rxc3 a5 10. Nf3 b6 11. cxb6 Qxb6 12. Qc2 Bb7 13. c5 Qd8 14. e4 Nc6 15. Bb5 Qf6 16. O-O Rfc8 17. Rd1 Rc7 18. Qd2 h6 19. Qd6 Rac8 20. h3 Nb8 21. Rd4 Nc6 22. e5 Qd8 23. Rg4 Ne7 24. b4 Nf5 25. Qd2 axb4 26. axb4 Ra8 27. Kh2 Qb8 28. Nd4 Rc8 29. Qf4 Nxd4 30. Qxd4 Bxg2 31. Rxg2 Qxb5 32. Rcg3 g6 33. Qf4 1-0


[Site "https://www.chess.com"]

[Event "Titled Tuesday Blitz October 11 Early 2022"]
[White "Makhmudov, Shukhrat"]
[Black "Hanley, Craig A"]
[WhiteFideId "14200775"]
[BlackFideId "408514"]
[WhiteElo "2135"]
[BlackElo "2439"]
[Result "0-1"]
[Round "08"]
[TimeControl "180+1"]
[Date "2022.10.12"]
[WhiteClock "0:00:33"]
[BlackClock "0:00:33"]

1. e4 e5 2. Nf3 Nc6 3. Bb5 f5 4. d3 fxe4 5. dxe4 Nf6 6. Nc3 d6 7. h3 h6 8. O-O g5 9. Nh2 Be6 10. f3 Bg7 11. Be3 a6 12. Ba4 Nh5 13. Nd5 Qd7 14. Ng4 O-O-O 15. c4 Nf4 16. Bxc6 bxc6 17. Qa4 Rdf8 18. Nb4 c5 19. Qxa6+ Kd8 20. Nd5 Bxd5 21. cxd5 h5 22. Nf2 g4 23. fxg4 Bh6 24. Rae1 Rfg8 25. Kh2 hxg4 26. Nxg4 Rxg4 27. hxg4 Qxg4 28. Qa8+ Ke7 29. Bxf4 Bxf4+ 30. Kg1 Rh1+ 31. Kf2 Qg3+ 32. Ke2 Qe3+ 33. Kd1 Qd2# 0-1


[Site "https://www.chess.com"]

[Event "Titled Tuesday Blitz October 11 Early 2022"]
[White "Malyi, Viacheslav"]
[Black "Jaskolka, Tomasz"]
[WhiteFideId "14123983"]
[BlackFideId "1170791"]
[WhiteElo "2291"]
[BlackElo "2126"]
[Result "1/2-1/2"]
[Round "08"]
[TimeControl "180+1"]
[Date "2022.10.12"]
[WhiteClock "0:00:23"]
[BlackClock "0:00:03"]

1. e4 c5 2. Nf3 e6 3. g3 Nc6 4. Bg2 Nf6 5. Qe2 e5 6. O-O Be7 7. c3 O-O 8. d3 d6 9. Na3 h6 10. Rd1 Bg4 11. h3 Bh5 12. Nc4 Re8 13. Ne3 Bf8 14. Nf5 Ne7 15. g4 Bg6 16. N3h4 Rc8 17. c4 a6 18. Be3 b5 19. b3 Nc6 20. Qd2 Kh7 21. Kh1 Nd4 22. Rg1 Bxf5 23. Nxf5 bxc4 24. dxc4 a5 25. g5 hxg5 26. Bxg5 Ne6 27. Bf3 g6 28. Nh4 Bg7 29. Rg2 a4 30. Rag1 axb3 31. axb3 Nd4 32. Qe3 Rb8 33. Bd1 Qd7 34. Qg3 Nxe4 35. Qe3 Nxg5 36. Qxg5 Bh6 37. Qg3 Nf5 38. Qg4 Qe6 39. Bc2 Nxh4 40. Qxh4 e4 41. Rg4 f5 42. Rxg6 Qxg6 43. Rxg6 Kxg6 44. Qg3+ Kh7 45. Qxd6 Rbd8 46. Qxc5 Kg6 47. Qc6+ Kg5 48. Qc7 Rd2 49. Qg3+ Kf6 50. Qc3+ Kg6 51. Qg3+ Kh7 52. Qc7+ Kg6 53. Qg3+ Kh7 54. Qc7+ Kg6 55. Qg3+ 1/2-1/2


[Site "https://www.chess.com"]

[Event "Titled Tuesday Blitz October 11 Early 2022"]
[White "Manon-og, Ramon Jr."]
[Black "Zaksaite, Salomeja"]
[WhiteFideId "5200776"]
[BlackFideId "12801496"]
[WhiteElo "2223"]
[BlackElo "2094"]
[Result "1-0"]
[Round "08"]
[TimeControl "180+1"]
[Date "2022.10.12"]
[WhiteClock "0:00:21"]
[BlackClock "0:00:01"]

1. e4 c5 2. Nf3 e6 3. g3 Nf6 4. Nc3 Nc6 5. Bg2 e5 6. O-O Be7 7. d3 O-O 8. Nd5 d6 9. c4 Be6 10. Be3 Rb8 11. a4 b6 12. Qd2 a6 13. Ng5 h6 14. Nxe6 fxe6 15. Nc3 Nd4 16. Bxd4 exd4 17. Ne2 b5 18. axb5 axb5 19. b3 bxc4 20. bxc4 Ng4 21. Nf4 Rf6 22. Bh3 Ne5 23. Kg2 Qd7 24. Rfb1 Rbf8 25. Rf1 Rxf4 26. gxf4 Ng6 27. f5 Nh4+ 28. Kh1 exf5 29. exf5 Qc6+ 30. f3 Bg5 31. Qf2 Nxf5 32. Ra7 Ne3 33. Bg2 Nxf1 34. Qxf1 Bf4 35. Qe1 Qe8 36. Qh4 g5 37. Qf2 Qe3 38. Qxe3 dxe3 39. Re7 Rb8 40. Bf1 Rb1 41. Kg2 Rb2+ 42. Kh1 Rf2 43. Bg2 e2 44. Kg1 Rxg2+ 45. Kxg2 Be5 46. Kf2 Bxh2 47. Kxe2 Be5 48. Re6 1-0


[Site "https://www.chess.com"]

[Event "Titled Tuesday Blitz October 11 Early 2022"]
[White "Manukian, Artak"]
[Black "Kaidanov, Gregory"]
[WhiteFideId "13301373"]
[BlackFideId "2008564"]
[WhiteElo "2520"]
[BlackElo "2651"]
[Result "0-1"]
[Round "08"]
[TimeControl "180+1"]
[Date "2022.10.12"]
[WhiteClock "0:00:03"]
[BlackClock "0:00:30"]

1. e4 e6 2. d4 d5 3. e5 c5 4. c3 Nc6 5. Nf3 Nh6 6. a3 cxd4 7. cxd4 Nf5 8. b4 Bd7 9. Nc3 Be7 10. Bb2 O-O 11. Be2 f6 12. O-O fxe5 13. dxe5 Be8 14. Nb5 Bh5 15. Nbd4 Nfxd4 16. Nxd4 Bxe2 17. Nxe2 Qe8 18. Rc1 Qg6 19. f4 Rac8 20. g3 a6 21. Qc2 Qh5 22. Qd3 g6 23. Nd4 Nxd4 24. Bxd4 Qf5 25. Qxf5 gxf5 26. Kf2 Kf7 27. Ke3 h5 28. Kd2 Rh8 29. Rxc8 Rxc8 30. Rc1 Rxc1 31. Kxc1 h4 32. Kc2 Kg6 33. Bf2 hxg3 34. hxg3 Kh5 35. Kb3 b5 36. a4 Kg4 37. axb5 axb5 38. Kc3 Kf3 39. Be1 Ke2 40. Bd2 Kf2 41. Kd3 Kxg3 42. Ke2 Bf8 43. Ke3 Bh6 44. Kd4 Bxf4 0-1


[Site "https://www.chess.com"]

[Event "Titled Tuesday Blitz October 11 Early 2022"]
[White "Martic, Ivan"]
[Black "Rosh Jain"]
[WhiteFideId "929301"]
[BlackFideId "25789465"]
[WhiteElo "2355"]
[BlackElo "2233"]
[Result "1-0"]
[Round "08"]
[TimeControl "180+1"]
[Date "2022.10.12"]
[WhiteClock "0:00:31"]
[BlackClock "0:00:42"]

1. e4 e5 2. Nf3 Nc6 3. Bb5 a6 4. Bxc6 dxc6 5. O-O Bd6 6. d4 f6 7. c3 Bg4 8. Be3 Ne7 9. Nbd2 Ng6 10. Qb3 b6 11. h3 Bd7 12. Nc4 Be6 13. Nxd6+ Qxd6 14. Qc2 O-O 15. Rad1 Qe7 16. Rfe1 Rad8 17. dxe5 fxe5 18. Bg5 Rxd1 19. Bxe7 Rxe1+ 20. Nxe1 Nxe7 21. Kh2 Rd8 22. Nf3 Ng6 23. Ng5 Bc4 24. Qa4 Bb5 25. Qb3+ Kh8 26. Nf7+ Kg8 27. Nh6+ Kh8 28. Qg8+ Rxg8 29. Nf7# 1-0


[Site "https://www.chess.com"]

[Event "Titled Tuesday Blitz October 11 Early 2022"]
[White "Martynenko, Ivan"]
[Black "Boraso, Alessio"]
[WhiteFideId "2053179"]
[BlackFideId "848077"]
[WhiteElo "2234"]
[BlackElo "2286"]
[Result "0-1"]
[Round "08"]
[TimeControl "180+1"]
[Date "2022.10.12"]
[WhiteClock "0:00:12"]
[BlackClock "0:00:27"]

1. e4 Nf6 2. e5 Ng8 3. d4 d5 4. f4 c5 5. Nf3 Nc6 6. c3 Bg4 7. Be3 e6 8. Nbd2 cxd4 9. cxd4 Nh6 10. Be2 Nf5 11. Bf2 Bb4 12. O-O Qb6 13. Nb3 a5 14. a4 h5 15. h3 Bxf3 16. Bxf3 g6 17. Rc1 Kf8 18. Be2 Kg7 19. Bb5 Rac8 20. Nc5 Ncxd4 21. Nd7 Rxc1 22. Nxb6 Rxd1 23. Rxd1 Nxb5 24. axb5 h4 25. Nd7 Rc8 26. Nf6 d4 27. Be1 Ne3 28. Rb1 Rc2 29. Bxb4 Rxg2+ 30. Kh1 axb4 31. Rc1 Rc2 32. Ra1 Nd5 33. Rd1 Nxf6 34. exf6+ Kxf6 35. Rxd4 Rxb2 36. Rc4 Kf5 0-1


[Site "https://www.chess.com"]

[Event "Titled Tuesday Blitz October 11 Early 2022"]
[White "Matinian, Nikita"]
[Black "Nozdrachev, Leonid"]
[WhiteFideId "24129100"]
[BlackFideId "24113433"]
[WhiteElo "2422"]
[BlackElo "2249"]
[Result "1-0"]
[Round "08"]
[TimeControl "180+1"]
[Date "2022.10.12"]
[WhiteClock "0:00:46"]
[BlackClock "0:00:03"]

1. e4 c6 2. d4 d5 3. e5 Bf5 4. Nf3 e6 5. Be2 Ne7 6. Nbd2 c5 7. c4 Nec6 8. cxd5 exd5 9. O-O Nxd4 10. Nxd4 cxd4 11. Nf3 Nc6 12. Nxd4 Bd7 13. Bf3 Bc5 14. Nb3 Bb6 15. Bxd5 O-O 16. Bf4 Qe7 17. Re1 Rad8 18. Qf3 Nb4 19. Be4 Bc6 20. Bxc6 bxc6 21. Rad1 Nxa2 22. Qxc6 Qb4 23. Qf3 a5 24. g3 a4 25. Nc1 Qxb2 26. Nxa2 Qxa2 27. Rxd8 Rxd8 28. Re2 Qd5 29. Qxd5 Rxd5 30. Rb2 Bd8 31. Rb8 Kf8 32. Ra8 Ke7 33. Rxa4 Rd7 34. h4 h6 35. Kg2 Bc7 36. h5 Ke6 37. Ra6+ Kf5 38. Ra7 Ke6 39. Kf3 Bb6 40. Ra6 Rd3+ 41. Be3 Kxe5 42. Rxb6 Rd7 43. Bf4+ Kf5 44. g4# 1-0


[Site "https://www.chess.com"]

[Event "Titled Tuesday Blitz October 11 Early 2022"]
[White "Migot, Tangi"]
[Black "Liu, Xiangyi"]
[WhiteFideId "662445"]
[BlackFideId "8605718"]
[WhiteElo "2480"]
[BlackElo "2323"]
[Result "1-0"]
[Round "08"]
[TimeControl "180+1"]
[Date "2022.10.12"]
[WhiteClock "0:00:17"]
[BlackClock "0:00:10"]

1. e4 e6 2. d4 d5 3. Nd2 c5 4. Ngf3 cxd4 5. exd5 Qxd5 6. Bc4 Qd7 7. Nb3 Nc6 8. Nbxd4 a6 9. O-O Nxd4 10. Qxd4 b5 11. Bd3 Nf6 12. Qxd7+ Bxd7 13. Ne5 Bd6 14. Nxd7 Kxd7 15. c4 b4 16. Rd1 Ke7 17. a3 b3 18. Bd2 Nd7 19. Be4 Rab8 20. Bc3 f6 21. Rd2 Nc5 22. Re1 Na4 23. Bd4 e5 24. Bc6 Nc5 25. f4 e4 26. Bxe4 Nxe4 27. Rxe4+ Kf7 28. f5 Rhd8 29. Kf1 Bxh2 30. Ke2 Bd6 31. Bc3 Bc5 32. Rxd8 Rxd8 33. Re6 Rd6 34. Rxd6 Bxd6 35. Bd4 g6 36. fxg6+ hxg6 37. Kd3 Ke6 38. Kc3 f5 39. Kxb3 g5 40. c5 Bb8 41. Kc4 f4 42. b4 g4 43. a4 f3 44. gxf3 gxf3 45. Bf2 Kf5 46. b5 axb5+ 47. axb5 Ke4 48. b6 Ke5 49. c6 Kd6 50. Kb5 1-0


[Site "https://www.chess.com"]

[Event "Titled Tuesday Blitz October 11 Early 2022"]
[White "Mihailidis, Anastasios"]
[Black "Kosteniuk, Alexandra"]
[WhiteFideId "4205588"]
[BlackFideId "4128125"]
[WhiteElo "2312"]
[BlackElo "2469"]
[Result "1/2-1/2"]
[Round "08"]
[TimeControl "180+1"]
[Date "2022.10.12"]
[WhiteClock "0:00:31"]
[BlackClock "0:00:37"]

1. e4 c6 2. d4 d5 3. exd5 cxd5 4. Bd3 Nc6 5. c3 Nf6 6. Bf4 Bg4 7. Qb3 Qc8 8. Nd2 e6 9. Ngf3 Bxf3 10. Nxf3 Be7 11. O-O O-O 12. Rac1 a6 13. Ne5 b5 14. a3 Nd7 15. Nxd7 Qxd7 16. Qc2 h6 17. Qd2 Bd6 18. Rfe1 Bxf4 19. Qxf4 f5 20. Qe3 f4 21. Qxe6+ Qxe6 22. Rxe6 Rf6 23. Rce1 Kf7 24. Rxf6+ Kxf6 25. g3 g5 26. h4 Rb8 27. hxg5+ hxg5 28. Kg2 fxg3 29. fxg3 Na5 30. g4 Nc4 31. Bf5 Rb6 32. Rh1 Ne3+ 33. Kg3 Nxf5+ 34. gxf5 Kxf5 35. Rf1+ Ke4 36. Kg4 a5 37. Kxg5 b4 38. axb4 axb4 39. Re1+ Kd3 40. Re5 b3 41. Kf5 Ra6 42. Rxd5 Kc2 43. Rb5 Kxb2 44. c4 Kc3 45. c5 b2 46. d5 Ra5 47. Rxb2 Kxb2 48. Ke6 Rxc5 49. d6 Rc6 50. Ke7 Rc1 51. d7 Re1+ 52. Kf7 Rd1 53. Ke7 Re1+ 54. Kf7 Rd1 55. Ke7 Re1+ 1/2-1/2


[Site "https://www.chess.com"]

[Event "Titled Tuesday Blitz October 11 Early 2022"]
[White "Mikhailovsky, Vladimir"]
[Black "Kuznetsova, Olga"]
[WhiteFideId "34105414"]
[BlackFideId "4191323"]
[WhiteElo "2297"]
[BlackElo "2134"]
[Result "1-0"]
[Round "08"]
[TimeControl "180+1"]
[Date "2022.10.12"]
[WhiteClock "0:00:03"]
[BlackClock "0:00:19"]

1. d4 Nf6 2. c4 e6 3. Nc3 d5 4. Nf3 Be7 5. g3 O-O 6. Bg2 dxc4 7. O-O c5 8. dxc5 Bxc5 9. Qa4 Qe7 10. Ne5 Nbd7 11. Nxc4 Nb6 12. Nxb6 Bxb6 13. Bg5 h6 14. Bxf6 Qxf6 15. Rad1 Qf5 16. Nb5 e5 17. Nd6 Qe6 18. Nxb7 Rb8 19. Nd6 Bd7 20. Qa3 Bd4 21. b3 Rb6 22. Nc4 Ra6 23. Qb4 Rxa2 24. e3 Bb6 25. Rd6 Qe8 26. Nxb6 axb6 27. Rxb6 Be6 28. Qc5 Rb2 29. b4 Qd8 30. Rd6 Qb8 31. Rb6 Qd8 32. Rb7 Qd2 33. Rb6 e4 34. Bxe4 Bh3 35. Bg2 Bg4 36. Qd4 Qc2 37. Qxg4 Rd8 38. Rc6 Qd2 39. Rc8 Rxc8 40. Qxc8+ Kh7 41. Be4+ g6 42. Qf8 Qd7 43. Bf3 Rxb4 44. Qxb4 1-0


[Site "https://www.chess.com"]

[Event "Titled Tuesday Blitz October 11 Early 2022"]
[White "Mills, Morgen"]
[Black "Melikhov, Evgeny V."]
[WhiteFideId "2013304"]
[BlackFideId "4122046"]
[WhiteElo "2195"]
[BlackElo "2169"]
[Result "1/2-1/2"]
[Round "08"]
[TimeControl "180+1"]
[Date "2022.10.12"]
[WhiteClock "0:00:03"]
[BlackClock "0:00:06"]

1. e4 c5 2. Nf3 d6 3. Bb5+ Nd7 4. d4 cxd4 5. Qxd4 a6 6. Bxd7+ Bxd7 7. O-O e5 8. Qd3 Rc8 9. c4 Be6 10. b3 h6 11. Rd1 Qd7 12. Ba3 Nf6 13. Nc3 Bg4 14. Bxd6 Bxd6 15. Qxd6 Qxd6 16. Rxd6 Bxf3 17. gxf3 Ke7 18. Rad1 Rhd8 19. Rxd8 Rxd8 20. Rxd8 Kxd8 21. Nd5 Nd7 22. Kf1 Nc5 23. Ke2 Kd7 24. Ke3 Kd6 25. f4 exf4+ 26. Nxf4 g5 27. Nd3 Nd7 28. Kd4 f6 29. c5+ Ke6 30. b4 h5 31. a4 h4 32. h3 f5 33. exf5+ Kxf5 34. f3 Nf6 35. b5 axb5 36. axb5 Ke6 37. Nf2 Nd7 38. Ne4 Kf5 39. Nd6+ Kf4 40. Nf7 Nf6 41. c6 bxc6 42. bxc6 Ne8 43. Kd5 Kxf3 44. Nxg5+ Kf4 45. Ne6+ Kg3 46. Ng5 Kf4 47. Nh7 Nc7+ 48. Kd6 Na6 49. Ke6 Kg3 50. Ng5 Kf4 51. Kf6 Nc7 52. Kg6 Ke5 53. Kh5 Kd6 54. Kxh4 Kxc6 55. Kh5 Kd7 56. Kg6 Ke7 57. h4 Nd5 58. Nh3 Kf8 59. h5 Kg8 60. h6 Ne7+ 61. Kh5 Kh7 62. Ng5+ Kh8 63. Ne6 Ng8 64. Kg5 Nxh6 1/2-1/2


[Site "https://www.chess.com"]

[Event "Titled Tuesday Blitz October 11 Early 2022"]
[White "Mindlin, Alon"]
[Black "Kouskoutis, Georgios-Alexandros"]
[WhiteFideId "2800071"]
[BlackFideId "4234049"]
[WhiteElo "2417"]
[BlackElo "2187"]
[Result "1-0"]
[Round "08"]
[TimeControl "180+1"]
[Date "2022.10.12"]
[WhiteClock "0:01:41"]
[BlackClock "0:00:01"]

1. d4 Nf6 2. c4 e6 3. Nc3 Bb4 4. e3 O-O 5. Bd3 b6 6. Nf3 Bb7 7. O-O Bxc3 8. bxc3 Ne4 9. Ne1 f5 10. f3 Nf6 11. Ba3 d6 12. c5 Qe7 13. cxd6 cxd6 14. Qe2 Nbd7 15. e4 fxe4 16. fxe4 e5 17. Nf3 exd4 18. Nxd4 Nc5 19. Nf5 Qe5 20. Rae1 Bxe4 21. Bxe4 Nfxe4 22. Qg4 g6 23. Nh6+ Kg7 24. Qh4 Qg5 25. Qxg5 Nxg5 26. Ng4 Rxf1+ 27. Kxf1 Rf8+ 28. Kg1 Nge4 29. c4 g5 30. Bxc5 Nxc5 31. Rd1 Rd8 32. Ne3 Kf6 33. Nd5+ Ke6 34. Re1+ Kf5 35. h3 Rd7 36. g4+ Kg6 37. Re8 h5 38. Rg8+ Kf7 39. Rxg5 hxg4 40. hxg4 Ne6 41. Rf5+ Kg7 42. Nf6 Rf7 43. Ne8+ Kf8 44. Nxd6 Rxf5 45. gxf5 Nd4 46. Kf2 Nc6 47. Ke3 Ne5 48. Kd4 Nf3+ 49. Kd5 Ke7 50. Nc8+ Kf6 51. Nxa7 Kxf5 52. Nc8 Nd2 53. Nxb6 Nb1 54. c5 Nc3+ 55. Kc4 Nxa2 56. c6 1-0


[Site "https://www.chess.com"]

[Event "Titled Tuesday Blitz October 11 Early 2022"]
[White "Molina, Roberto Junio Brito"]
[Black "Shuvalov, Evgenij"]
[WhiteFideId "2109450"]
[BlackFideId "4187237"]
[WhiteElo "2388"]
[BlackElo "2049"]
[Result "1-0"]
[Round "08"]
[TimeControl "180+1"]
[Date "2022.10.12"]
[WhiteClock "0:02:30"]
[BlackClock "0:01:41"]

1. d4 Nf6 2. Nf3 c5 3. e3 d5 4. c3 e6 5. Nbd2 Bd6 6. Bd3 O-O 7. O-O b6 8. Qe2 Bb7 9. e4 Be7 10. e5 Nh5 11. g3 a5 12. Rd1 Ba6 13. c4 Nc6 14. cxd5 exd5 15. Bxa6 c4 16. Bb7 Nb4 17. Bxa8 Qxa8 18. Ne1 g6 19. Ndf3 1-0


[Site "https://www.chess.com"]

[Event "Titled Tuesday Blitz October 11 Early 2022"]
[White "Moreno Perez, Tobias Sebastian"]
[Black "Blokhin, Sofia"]
[WhiteFideId "186716"]
[BlackFideId "4508190"]
[WhiteElo "2471"]
[BlackElo "2005"]
[Result "1-0"]
[Round "08"]
[TimeControl "180+1"]
[Date "2022.10.12"]
[WhiteClock "0:00:01"]
[BlackClock "0:00:33"]

1. Nf3 e6 2. c4 f5 3. g3 Nf6 4. Bg2 Be7 5. O-O O-O 6. d4 d5 7. Nc3 c6 8. b3 Ne4 9. Bb2 Nd7 10. Qc2 g5 11. Nd2 Bf6 12. e3 b6 13. Ndxe4 dxe4 14. Nxe4 fxe4 15. Bxe4 Qe7 16. Bxc6 Rb8 17. f4 Bb7 18. Bxb7 Rxb7 19. fxg5 Bxg5 20. Rxf8+ Nxf8 21. Qe4 Ng6 22. Rf1 Rb8 23. h4 Bf6 24. h5 Nf8 25. Qf4 Nd7 26. h6 Bg5 27. Qg4 Rf8 28. Rxf8+ Kxf8 29. Qf3+ Kg8 30. d5 e5 31. Qg4 Kf8 32. d6 Bxe3+ 33. Kg2 Qf7 34. Qe4 Qf2+ 35. Kh3 Qf1+ 36. Kh4 Qf6+ 37. Kg4 Qxh6 38. Qf5+ Nf6+ 39. Kf3 e4+ 40. Kg2 Bg5 41. d7 Ke7 42. Ba3+ Kd8 43. Qe6 Qh5 44. Qe7+ Kc7 45. d8=Q+ Kc6 46. Qdd6# 1-0


[Site "https://www.chess.com"]

[Event "Titled Tuesday Blitz October 11 Early 2022"]
[White "Mrudul Dehankar"]
[Black "Shvedova, Alexandra"]
[WhiteFideId "25096990"]
[BlackFideId "54154782"]
[WhiteElo "2068"]
[BlackElo "2090"]
[Result "0-1"]
[Round "08"]
[TimeControl "180+1"]
[Date "2022.10.12"]
[WhiteClock "0:00:01"]
[BlackClock "0:00:22"]

1. e4 c5 2. Nf3 d6 3. d4 cxd4 4. Nxd4 Nf6 5. Nc3 a6 6. Bg5 Nbd7 7. f4 Qc7 8. Qf3 h6 9. Bxf6 Nxf6 10. f5 Qc5 11. O-O-O g5 12. Kb1 Qe5 13. Be2 Bg7 14. Qd3 Bd7 15. Nf3 Qc5 16. h4 g4 17. Nd4 h5 18. Nb3 Qc7 19. Nd5 Nxd5 20. exd5 O-O-O 21. Rhe1 Kb8 22. Qe4 Be5 23. Bf1 Bg3 24. Re3 Bxh4 25. Rc3 Qb6 26. Nd4 Ka8 27. Rb3 Qc7 28. Rc3 Qb8 29. Ra3 Rc8 30. Nc6 Bxc6 31. dxc6 Rc7 32. cxb7+ Qxb7 33. Rxa6+ Kb8 34. Qe3 Rc6 35. Ra3 Rb6 36. Rb3 Rxb3 37. axb3 Rc8 38. Bc4 Qxg2 39. Qb6+ Qb7 40. Qd4 Bf6 41. Qd3 Qf3 42. Bxf7 Qxd3 43. Rxd3 h4 44. Bd5 h3 45. Rg3 Rc5 46. Bh1 Rxf5 0-1


[Site "https://www.chess.com"]